Construct Section Command Post
Selects Indian Artillery Battlegroup
Selects Artillery Saturation
Construct Platoon Command Post
6-pounder Anti-tank Gun Team
Unlock Bishop Self-propelled Artillery
Selects Gurkha Rifles Section
Bishop Self-propelled Artillery
Selects Gurkha Rifles Section
Selects Volunteer Infantry
Bishop Self-propelled Artillery
6-pounder Anti-tank Gun Team
Construct Company Command Post
Selects Off-map Airburst Barrage